 Dungeon Crawl Stone Soup version 0.28-a0-1524-ge72afd5fc6 (webtiles) character file.

Game seed: 10441279241508930986

112 tgiblernsday the Chopper (level 4, 0/36 HPs)
             Began as a Hill Orc Fighter on Jan 16, 2022.
             Was an Elder of Hepliaklqana.
             Slain by Edmund (7 damage)
             ... on level 4 of the Dungeon on Jan 17, 2022.
             The game lasted 00:15:58 (3398 turns).

tgiblernsday the Chopper (Hill Orc Fighter)         Turns: 3398, Time: 00:15:58

Health: 0/36       AC:  9    Str: 20    XL:     4   Next: 93%
Magic:  4/4        EV:  9    Int:  8    God:    Hepliaklqana [****..]
Gold:   158        SH:  4    Dex: 10    Spells: 3/3 levels left

rFire   . . .      SeeInvis .   a - +0 war axe
rCold   . . .      Faith    .   c - +0 buckler
rNeg    . . .      Spirit   .   b - +0 scale mail
rPois   .          Reflect  .   g - +0 helmet
rElec   .          Harm     .   (no cloak)
rCorr   .          Rampage  .   q - +0 pair of gloves
Will    .....                   (no boots)
Stlth   ..........              (no amulet)
HPRegen 0.12/turn               (no ring)
MPRegen 0.09/turn               (no ring)

@: studying Fighting
A: reduced essence
a: Renounce Religion, Recall Ancestor, Ancestor Identity, Transference, Idealise


You were on level 4 of the Dungeon.
You worshipped Hepliaklqana.
Hepliaklqana was greatly pleased with you.
You visited 1 branch of the dungeon, and saw 4 of its levels.

You collected 158 gold pieces.

Inventory:

Hand Weapons
 a - a +0 war axe (weapon)
Missiles
 e - 147 stones
 f - 5 boomerangs (quivered)
 j - 14 sling bullets
 m - 5 poisoned darts
Armour
 b - a +0 scale mail (worn)
 c - a +0 buckler (worn)
 g - a +0 helmet (worn)
 q - a +0 pair of gloves (worn)
Jewellery
 n - a ring of protection from fire
Scrolls
 h - 2 scrolls of amnesia {unknown}
 i - 7 scrolls of identify {unknown}
 o - a scroll of teleportation {unknown}
 p - a scroll of enchant weapon {unknown}
 r - a scroll of magic mapping {unknown}
Potions
 d - 2 potions of might
 k - a potion of brilliance {unknown}
 l - a potion of degeneration {unknown}


   Skills:
 + Level 4.2 Fighting
 + Level 4.3 Axes
 + Level 1.7 Throwing
 + Level 3.7 Armour
 + Level 0.5 Dodging
 + Level 3.6 Shields


You had 3 spell levels left.
You didn't know any spells.
Your spell library contained the following spells:

 Spells                   Type           Power      Damage    Failure   Level
 Scorch                   Fire           0%         2d5       94%         2
 Flame Wave               Conj/Fire      0%         2d4       100%        4
 Summon Cactus Giant      Summ           0%         N/A       100%        6


Dungeon Overview and Level Annotations

Branches:
Dungeon (4/15)
 Temple: D:4-7

Altars:
Ashenzari
Fedhas
Hepliaklqana
Qazlal

Shops:
D:2 [

Annotations:
D:4 Edmund


Message History

Edmund hits you with a +0 flail of protection.
You closely miss Edmund.
Edmund is lightly wounded.
Lucius points at Edmund and mumbles some strange words.
Edmund seems to slow down.
Edmund hits you with a +0 flail of protection.
Lucius points at Edmund and mumbles some strange words.
Edmund resists with some effort.
Edmund hits you with a +0 flail of protection!
You hit Edmund.
Edmund is moderately wounded.
Edmund hits you but does no damage.
You closely miss Edmund.
Edmund is moderately wounded.
Edmund hits you with a +0 flail of protection.
You hit Edmund but do no damage.
Edmund is moderately wounded.
Edmund hits you but does no damage.
You hit Edmund but do no damage.
Edmund is moderately wounded.
You hit Edmund but do no damage.
Edmund is moderately wounded.
Edmund says, "People accused me of being a cutpurse!"
Edmund closely misses you.
Unknown command.
You barely miss Edmund.
Edmund is moderately wounded.
You block Edmund's attack.
You barely miss Edmund.
Edmund is moderately wounded.
Edmund is no longer moving slowly.
Edmund hits you with a +0 flail of protection.
You barely miss Edmund.
Edmund is moderately wounded.
Edmund hits you with a +0 flail of protection.
* * * LOW HITPOINT WARNING * * *
You hit Edmund.
Edmund is moderately wounded.
Edmund hits you with a +0 flail of protection!
You die...

....'........'............ . ..
....#####....#............ .. #.
....##########............ ... #.
.......................... #..#.
.....##########........... #....
####.# #........... #..
...#.##########.#.............#..
..............................#..
...............R@.............#..
...####.........#@..............>
...# ##.###....#................
...#####.# #....#................
.........###....#.............#..
...........'....#......)......#..
.........###<...#..........>..#..
.........# #....#.............#..
.........# #....#............##..


You could see the friendly Lucius the hexer and Edmund (ally target).

Vanquished Creatures
  3 adders
  A white imp (D:4)
  A worm (D:3)
  3 orcs
  3 endoplasms (D:1)
  A giant cockroach (D:3)
  10 goblins
  11 hobgoblins
  2 jackals (D:1)
  3 quokkas
  4 ball pythons
  7 bats
  A frilled lizard (D:1)
  5 kobolds
  7 rats
62 creatures vanquished.

Vanquished Creatures (collateral kills)
  A ball python (D:3)
  A quokka (D:4)
  3 bats
  A frilled lizard (D:3)
  A rat (D:2)
7 creatures vanquished.

Vanquished Creatures (others)
  An ancestor (D:1)
  5 plants (D:3)
6 creatures vanquished.

Grand Total: 75 creatures vanquished

Notes
Turn   | Place    | Note
-------+----------+-------------------------------------------
     0 | D:1      | tgiblernsday the Hill Orc Fighter began the quest for the
                  | Orb.
     0 | D:1      | Reached XP level 1. HP: 19/19 MP: 1/1
   112 | D:1      | Found a faded altar of an unknown god.
   134 | D:1      | Reached XP level 2. HP: 25/27 MP: 2/2
   152 | D:1      | Prayed at the altar of an unknown god.
   152 | D:1      | Became a worshipper of Hepliaklqana the Forgotten
   152 | D:1      | Reached * piety under Hepliaklqana
   786 | D:2      | Found Milatz's Armour Emporium.
   795 | D:2      | Reached XP level 3. HP: 29/29 MP: 3/3
   837 | D:2      | Reached ** piety under Hepliaklqana
   846 | D:2      | Remembered your ancestor Lucius as a hexer
   913 | D:2      | Reached skill level 1 in Throwing
  1297 | D:2      | Reached XP level 4. HP: 32/36 MP: 4/4
  1872 | D:3      | Reached *** piety under Hepliaklqana
  2200 | D:3      | You fall into a shaft and drop 1 floor!
  2237 | D:3      | Found a broken altar of Ashenzari.
  2238 | D:3      | Found a blossoming altar of Fedhas.
  2239 | D:3      | Found a hazy altar of Hepliaklqana.
  2240 | D:3      | Found a stormy altar of Qazlal.
  2651 | D:3      | Upgraded the game from 0.28-a0-1510-gd0f6b136d3 to
                  | 0.28-a0-1524-ge72afd5fc6
  2677 | D:4      | Noticed Edmund
  3098 | D:4      | Reached **** piety under Hepliaklqana
  3398 | D:4      | Slain by Edmund

Illustrated notes

Levels and vault maps discovered:
D:1:      dpeg_arrival_solitude, layout_basic,
          ebering_ecumenical_altar_abandoned, grunt_decor_clamped,
          minmay_crystal_room, st_stairs_5
D:2:      minmay_inner_zag, layout_loops_ring, serial_shops, shop,
          lemuel_flame_loot_1
D:3:      layout_loops_corners, mainiacjoe_overflow_alcove_3,
          palyth_stone_intersect, serial_bayou_pond_a
D:4:      layout_basic, uniq_edmund

Skill      XL: |  1  2  3  4 |
---------------+-------------+-----
Fighting       | 4 |  4.2
Axes           | 3 4 |  4.3
Throwing       | 1 |  1.7
Armour         | |  3.7
Dodging        | |  0.5
Shields        | |  3.6

Action                   |  1- 3 |  4- 6 || total
-------------------------+-------+-------++-------
Melee: War axe           |    85 |    50 ||   135
Throw: Stone             |    18 |       ||    18
       Boomerang         |    27 |    29 ||    56
Invok: Ancestor Life: He |     1 |       ||     1
 Stab: Confused          |       |     1 ||     1
Armor: Scale mail        |    42 |    31 ||    73
Dodge: Dodged            |    52 |    19 ||    71
Block: Buckler           |    26 |     9 ||    35

Table legend: (Time is in decaauts)
 A = Elapsed time spent in this place.
 B = Non-inter-level travel time spent in this place.
 C = Inter-level travel time spent in this place.
 D = Time resting spent in this place.
 E = Time spent auto-exploring this place.
 F = Levels seen in this place.
 G = Mean time per level.
                   A        B        C        D        E       F      G
               +--------+--------+--------+--------+--------+-----+--------+
         Total |   3467 |   3383 |     84 |    100 |   2370 |   4 |  866.8 |
       Dungeon |   3467 |   3383 |     84 |    100 |   2370 |   4 |  866.8 |
               +--------+--------+--------+--------+--------+-----+--------+

Top non-repeatable levels by time:
     D:2: 1004 daAuts
     D:3: 992 daAuts
     D:1: 752 daAuts
     D:4: 718 daAuts
